 Dungeon Crawl Stone Soup version 0.29.0-4-gdea44cf6ec (webtiles) character file.

Game seed: 2000073388727365967

93 qw the Chopper (level 4, -7/26 HPs)
             Began as a Tengu Warper on Aug 28, 2022.
             Mangled by Duvessa
             ... wielding a +0 short sword
              (11 damage)
             ... on level 5 of the Dungeon.
             The game lasted 00:00:15 (2501 turns).

qw the Chopper (Tengu Warper)                       Turns: 2501, Time: 00:00:15

Health: -7/26      AC:  8    Str: 13    XL:     4   Next: 62%
Magic:  8/8        EV:  6    Int: 13    God:
Gold:   105        SH:  0    Dex: 14    Spells: 7/7 levels left

rFire   . . .      SeeInvis .   Y - +0 war axe
rCold   . . .      Faith    .   (no shield)
rNeg    . . .      Spirit   .   e - +0 chain mail
rPois   .          Reflect  .   (helmet restricted)
rElec   .          Harm     .   (no cloak)
rCorr   .          Rampage  .   (no gloves)
Will    .....                   (boots unavailable)
Stlth   ..........              (no amulet)
HPRegen 0.08/turn               (no ring)
MPRegen 0.11/turn               (no ring)

@: no status effects
A: beak, talons 3
a: no special abilities


You were on level 5 of the Dungeon.
You visited 1 branch of the dungeon, and saw 4 of its levels.

You collected 105 gold pieces.


Innate Abilities, Weirdness & Mutations

You have a beak for a mouth.
You have claws for feet.


   Skills:
 - Level 2.0 Fighting
 + Level 5.2 Axes
 - Level 1.0 Throwing
 - Level 1.1 Armour
 - Level 2.1 Dodging
 - Level 2.0 Spellcasting
 - Level 2.4 Translocations


You had 7 spell levels left.
You didn't know any spells.
Your spell library contained the following spells:

 Spells                   Type           Power      Damage    Failure   Level
 Blink                    Tloc           14%        N/A       99%         2
 Gell's Gravitas          Tloc           7%         N/A       100%        3
 Lesser Beckoning         Tloc           7%         N/A       100%        3
 Teleport Other           Tloc           7%         N/A       100%        3
 Manifold Assault         Tloc           7%         N/A       100%        5

Inventory:

Hand Weapons
 a - a +0 club
 Y - a +0 war axe (weapon)
Armour
 e - a +0 chain mail (worn)
Scrolls
 b - a scroll of enchant armour {unknown}
 g - a scroll of identify
Potions
 c - a potion of might {unknown}
 d - a potion of brilliance {unknown}
 f - a potion of heal wounds {unknown}

Dungeon Overview and Level Annotations

Branches:
Dungeon (3/15)

Altars:
Ru

Annotations:
D:5 Dowan, Duvessa


Message History

Existing waypoints: (1) D:2 (2) D:3 Assign waypoint to what number? (0-9, D - delete waypoint) Waypoint 1 re-assigned from D:2 to D:5.
Enter note:
Enter note: Dowan, Brother of Duvessa comes into view.
He is wielding a +0 dagger.
2492 ||| Stepping ~*~*~tactically~*~*~ (stealth).
You miss the adder. Your peck misses the adder.
The adder completely misses you. The adder bites you.
You are poisoned.
The adder poisons you!
You closely miss the adder. You claw the adder, but do no damage.
You feel sick. The adder bites you.
You are more poisoned.
The adder poisons you!
You hit the adder. You peck the adder.
The adder is severely wounded.
You feel sick.
The adder bites you but does no damage. x2
2496 ||| Stepping ~*~*~tactically~*~*~ (stealth).
You feel sick.
2497 ||| Stepping ~*~*~tactically~*~*~ (stealth).
You feel sick. The adder bites you but does no damage.
You barely miss the adder.
Dowan shouts!
Your peck misses the adder.
The adder is severely wounded.
You feel sick.
Dowan points at something and mumbles some strange words.
The adder bites you but does no damage.
You hit the adder.
You kill the adder!
You feel sick.
You feel sick.
You are no longer poisoned.
Dowan casts a spell.
Dowan blinks!
You closely miss Duvessa. Your kick misses Duvessa.
Duvessa hits you with a +0 short sword! x2
You die...

## .. .......
#..##.###..#.....
#................
#..#.............
#...##...........
#...#.#..........
#....#.##......#
#.....##.#....#
#.....#@#.####.
#.....e#.##
#.....e.##
#......e.ee....
#..............
#.......##....#
#......#. #..##
##....#.#. ###
#....## #.


You could see Duvessa (fast) and Dowan.

Vanquished Creatures
  5 adders
  A worm (D:2)
  2 dart slugs
  6 bats
  2 endoplasms
  4 goblins
  6 hobgoblins
  3 jackals (D:1)
  5 kobolds (D:1)
  2 quokkas (D:1)
  4 ball pythons
  2 frilled lizards
  2 rats
44 creatures vanquished.

Notes
Turn   | Place    | Note
-------+----------+-------------------------------------------
     0 | D:1      | qw the Tengu Warper began the quest for the Orb.
     0 | D:1      | Reached XP level 1. HP: 12/12 MP: 4/4
     0 | D:1      | 0 ||| qw: Version: 0.1-a-89-g26bdef1
     0 | D:1      | 0 ||| qw: Game counter: 591
     0 | D:1      | 0 ||| qw: Always use a shield: true
     0 | D:1      | 0 ||| qw: God list: Okawaru
     0 | D:1      | 0 ||| qw: Allow faded altars: false
     0 | D:1      | 0 ||| qw: Do Orc after D:15 true
     0 | D:1      | 0 ||| qw: Do second Lair branch before Depths: true
     0 | D:1      | 0 ||| qw: Lair rune preference: random
     0 | D:1      | 0 ||| qw: Plans: Normal
     0 | D:1      | 0 ||| PLANNING D:1-11
   316 | D:1      | 316 ||| SWAPPING to +0 war axe.
   317 | D:1      | 317 ||| DROPPING +0 hand axe.
   324 | D:1      | Reached skill level 3 in Axes
   324 | D:1      | Reached XP level 2. HP: 17/17 MP: 6/6
   543 | D:1      | Found a faded altar of an unknown god.
  1065 | D:1      | Reached XP level 3. HP: 21/21 MP: 7/7
  1129 | D:1      | 1129 ||| READING 2 scrolls labelled UPPOPNUTWAWK.
  1130 | D:1      | 1130 ||| READING scroll labelled KODOAPS JOES.
  1131 | D:1      | 1131 ||| DROPPING scroll of blinking.
  1132 | D:1      | 1132 ||| DROPPING scroll of vulnerability.
  1401 | D:2      | 1401 ||| Stepping ~*~*~tactically~*~*~ (stealth).
  1410 | D:2      | 1410 ||| Stepping ~*~*~tactically~*~*~ (stealth).
  1431 | D:2      | 1431 ||| Stepping ~*~*~tactically~*~*~ (stealth).
  1432 | D:2      | 1432 ||| Stepping ~*~*~tactically~*~*~ (stealth).
  1446 | D:2      | Reached skill level 4 in Axes
  1475 | D:2      | 1475 ||| Stepping ~*~*~tactically~*~*~ (stealth).
  1476 | D:2      | 1476 ||| Stepping ~*~*~tactically~*~*~ (stealth).
  1519 | D:2      | 1519 ||| FLEEEEING.
  1520 | D:2      | 1520 ||| FLEEEEING.
  1521 | D:2      | 1521 ||| FLEEEEING.
  1522 | D:2      | 1522 ||| FLEEEEING.
  1523 | D:2      | 1523 ||| FLEEEEING.
  1524 | D:2      | 1524 ||| FLEEEEING.
  1525 | D:2      | 1525 ||| FLEEEEING.
  1526 | D:2      | 1526 ||| FLEEEEING.
  1527 | D:2      | 1527 ||| FLEEEEING.
  1528 | D:2      | 1528 ||| FLEEEEING.
  1529 | D:2      | 1529 ||| FLEEEEING.
  1530 | D:2      | 1530 ||| FLEEEEING.
  1531 | D:2      | 1531 ||| FLEEEEING.
  1532 | D:2      | 1532 ||| FLEEEEING.
  1533 | D:2      | 1533 ||| FLEEEEING.
  1534 | D:2      | 1534 ||| FLEEEEING.
  1535 | D:2      | 1535 ||| FLEEEEING.
  1536 | D:2      | 1536 ||| FLEEEEING.
  1537 | D:2      | 1537 ||| FLEEEEING.
  1538 | D:2      | 1538 ||| FLEEEEING.
  1539 | D:2      | 1539 ||| FLEEEEING.
  1541 | D:2      | 1541 ||| FLEEEEING.
  1542 | D:2      | 1542 ||| FLEEEEING.
  1543 | D:2      | 1543 ||| FLEEEEING.
  1544 | D:2      | 1544 ||| FLEEEEING.
  1545 | D:2      | 1545 ||| FLEEEEING.
  1546 | D:2      | 1546 ||| FLEEEEING.
  1547 | D:2      | 1547 ||| FLEEEEING.
  1548 | D:2      | 1548 ||| FLEEEEING.
  1549 | D:2      | 1549 ||| FLEEEEING.
  1550 | D:2      | 1550 ||| FLEEEEING.
  1551 | D:2      | 1551 ||| FLEEEEING.
  1552 | D:2      | 1552 ||| FLEEEEING.
  1553 | D:2      | 1553 ||| FLEEEEING.
  1554 | D:2      | 1554 ||| FLEEEEING.
  1555 | D:2      | 1555 ||| FLEEEEING.
  1556 | D:2      | 1556 ||| FLEEEEING.
  1557 | D:2      | 1557 ||| FLEEEEING.
  1558 | D:2      | 1558 ||| FLEEEEING.
  1559 | D:2      | 1559 ||| FLEEEEING.
  1560 | D:2      | 1560 ||| FLEEEEING.
  1561 | D:2      | 1561 ||| FLEEEEING.
  1562 | D:2      | 1562 ||| FLEEEEING.
  1563 | D:2      | 1563 ||| FLEEEEING.
  1564 | D:2      | 1564 ||| FLEEEEING.
  1565 | D:2      | 1565 ||| FLEEEEING.
  1566 | D:2      | 1566 ||| FLEEEEING.
  1567 | D:2      | 1567 ||| FLEEEEING.
  1568 | D:2      | 1568 ||| FLEEEEING.
  1569 | D:2      | 1569 ||| FLEEEEING.
  1570 | D:2      | 1570 ||| FLEEEEING.
  1571 | D:2      | 1571 ||| FLEEEEING.
  1572 | D:2      | 1572 ||| FLEEEEING.
  1573 | D:2      | 1573 ||| FLEEEEING.
  1574 | D:2      | 1574 ||| STAIRDANCE
  1693 | D:2      | Reached XP level 4. HP: 26/26 MP: 8/8
  1828 | D:2      | Found a sacrificial altar of Ru.
  1980 | D:2      | 1980 ||| FLEEEEING.
  2007 | D:2      | 2007 ||| FLEEEEING.
  2009 | D:2      | 2009 ||| STAIRDANCE
  2062 | D:1      | 2062 ||| READING scroll labelled KOUH DOZXAME.
  2067 | D:2      | 2067 ||| Stepping ~*~*~tactically~*~*~ (stealth).
  2069 | D:2      | 2069 ||| Stepping ~*~*~tactically~*~*~ (stealth).
  2210 | D:2      | Reached skill level 5 in Axes
  2369 | D:2      | 2369 ||| UPGRADING to +0 chain mail.
  2379 | D:2      | 2379 ||| DROPPING +0 leather armour.
  2478 | D:3      | You fall into a shaft and drop 2 floors!
  2478 | D:5      | Entered Level 5 of the Dungeon
  2490 | D:5      | Noticed Duvessa
  2491 | D:5      | Noticed Dowan
  2492 | D:5      | 2492 ||| Stepping ~*~*~tactically~*~*~ (stealth).
  2496 | D:5      | 2496 ||| Stepping ~*~*~tactically~*~*~ (stealth).
  2497 | D:5      | 2497 ||| Stepping ~*~*~tactically~*~*~ (stealth).
  2501 | D:5      | HP: 4/26 [Duvessa/+0 short sword (11)]
  2501 | D:5      | Mangled by Duvessa

Levels and vault maps discovered:
D:1:      matt_arrival_refuge, layout_loops_ring,
          dilly_ecumenical_altar_fadedgnrine
D:2:      layout_basic, basic_altar
D:3:      layout_loops_cross, nicolae_ru_path_of_blood,
          nicolae_elevator_lobby_asterisk, uniq_sigmund
D:5:      layout_basic, chequers_temple_overflow_statue_of_worship,
          kennysheep_diamond, minmay_misc_feat_secret_circle,
          minmay_misc_feat_room, uniq_blork_the_orc, uniq_duvessa, uniq_ijyb

Skill      XL: |  1  2  3  4 |
---------------+-------------+-----
Axes           | 3 4 5 |  5.2
Fighting       | |  2.0
Throwing       | |  1.0
Armour         | |  1.1
Dodging        | |  2.1
Spellcasting   | |  2.0
Translocations | |  2.4

Action                   |  1- 3 |  4- 6 || total
-------------------------+-------+-------++-------
Melee: Hand axe          |    18 |       ||    18
       Kick              |    18 |     5 ||    23
       War axe           |    81 |    29 ||   110
       Peck              |    12 |     7 ||    19
Throw: Boomerang         |     7 |       ||     7
  Use: Scroll            |     2 |     1 ||     3
Armor: Leather armour    |    28 |     2 ||    30
       Chain mail        |       |     6 ||     6
Dodge: Dodged            |    57 |    11 ||    68

Table legend:
 A = Non-vault XP
 B = Vault XP
 C = Vault XP percentage of total XP
 D = Non-vault monster count
 E = Vault monster count
 F = Vault count percentage of total count
                 A         B        C        D         E       F
            +---------+---------+-------+---------+---------+-------
      Total |     134 |       0 |   0.0 |      44 |       0 |   0.0
            +---------+---------+-------+---------+---------+-------
        D:1 |      34 |       0 |   0.0 |      22 |       0 |   0.0
        D:2 |      81 |       0 |   0.0 |      19 |       0 |   0.0
        D:3 |       6 |       0 |   0.0 |       2 |       0 |   0.0
        D:5 |      13 |       0 |   0.0 |       1 |       0 |   0.0
            +---------+---------+-------+---------+---------+-------
